 Dungeon Crawl Stone Soup version 0.27.1-2-g3b301248ec (webtiles) character file.

Game seed: 10402990990399714134

28 Descartes the Grasshopper (level 2, -2/14 HPs)
             Began as a Spriggan Warper on Oct 2, 2021.
             Succumbed to an adder's poison
             ... on level 2 of the Dungeon.
             The game lasted 00:02:08 (2027 turns).

Descartes the Grasshopper (Spriggan Warper)         Turns: 2027, Time: 00:02:08

Health: -2/14      AC:  2    Str:  7    XL:     2   Next: 96%
Magic:  6/6        EV: 17    Int: 14    God:
Gold:   39         SH:  5    Dex: 14    Spells: 6/6 levels left

rFire    . . .     SeeInvis +   a - +0 short sword
rCold    . . .     Faith    .   (shield restricted)
rNeg     . . .     Spirit   .   b - +0 robe
rPois    .         Reflect  +   (helmet restricted)
rElec    .         Harm     .   (no cloak)
rCorr    .         Rampage  .   (gloves unavailable)
Will     .....                  (boots unavailable)
Stlth    +++.......             j - amulet of reflection
HPRegen  0.04/turn              (no ring)
MPRegen  0.10/turn              (no ring)

@: lethally poisoned (-2 -> -17), very quick
A: very small, no large weapons, unfitting armour, see invisible, speed 3
a: no special abilities


You were on level 2 of the Dungeon.
You visited 1 branch of the dungeon, and saw 2 of its levels.

You collected 39 gold pieces.

Inventory:

Hand Weapons
 a - a +0 short sword (weapon)
Missiles
 d - 5 boomerangs of dispersal (quivered)
 h - 3 boomerangs
Armour
 b - a +0 robe (worn)
Jewellery
 j - an amulet of reflection (around neck)
Scrolls
 c - a scroll of blinking
 e - 2 scrolls of magic mapping {unknown}
 f - 3 scrolls of teleportation {unknown}
 k - 2 scrolls of identify {unknown}
 l - a scroll of enchant weapon {unknown}
Potions
 g - 2 potions of degeneration {unknown}
 i - 2 potions of attraction {unknown}


   Skills:
 - Level 1.5 Fighting
 - Level 2.1 Short Blades
 - Level 1.0 Throwing
 - Level 3.2 Dodging
 + Level 4.4 Stealth
 - Level 2.6 Spellcasting
 - Level 4.4 Translocations


You had 6 spell levels left.
You didn't know any spells.
Your spell library contained the following spells:

 Spells                   Type           Power      Damage    Failure   Level
 Blink                    Tloc           N/A        N/A       5%          2
 Gell's Gravitas          Tloc           7%         N/A       11%         3
 Lesser Beckoning         Tloc           7%         N/A       11%         3
 Teleport Other           Tloc           14%        N/A       11%         3
 Manifold Assault         Tloc           14%        N/A       71%         5


Dungeon Overview and Level Annotations

Branches:
Dungeon (2/15)

Altars:


Innate Abilities, Weirdness & Mutations

You are very small and have problems with some larger weapons.
You are too small for most types of armour.
You have supernaturally acute eyesight. (SInv)
You cover ground extremely quickly. (Speed+++)


Message History

No target in view!
No target in view!
No target in view!
You see here a bat corpse.
Found 9 gold pieces.
You now have 31 gold pieces (gained 9).
Found 8 gold pieces.
You now have 39 gold pieces (gained 8).
You open the door.
There is an open door here.
You open the door.
There is an open door here.
A goblin comes into view. It is wielding a +0 club.
An adder and a hobgoblin come into view.
The goblin shouts!
The adder hisses angrily.
You hear an angry hiss.
The hobgoblin shouts!
An adder comes into view.
A quokka comes into view.
Found an amethyst potion.
The adder bites you.
You are poisoned.
The adder poisons you!
You closely miss the adder.
You feel sick. The adder bites you but does no damage.
You barely miss the adder.
You feel sick.
You miss the adder.
You feel sick. The adder closely misses you. The adder barely misses you.
You block the adder's attack. The adder completely misses you.
You hit the adder but do no damage.
You feel sick.
You are no longer poisoned.
The adder misses you. x2
You hit the adder.
The adder is moderately wounded.
The adder bites you.
You are lethally poisoned!
The adder poisons you! The adder bites you.
* * * LOW HITPOINT WARNING * * *
You are more poisoned.
The adder poisons you!
You completely miss the goblin.
You die...

#....# #####.## ###
#....# #......# ####...
## #....####......#
....... ..
+....'..'......# .......
..
#....###.......##...g...
##
######..................
#.#.###.###.####+#.
...#.. ###.g....# ...
### #@#....# #....
#!..rSS#....# #...
##.#.###....# #... ...
....... #.# #....... ##
#....... .......


You could see 2 adders, a quokka and a goblin.

Vanquished Creatures
  A ball python (D:1)
  2 bats
  2 endoplasms (D:1)
  2 giant cockroaches (D:1)
  A goblin (D:1)
  2 hobgoblins (D:1)
  7 jackals (D:1)
  A quokka (D:1)
  2 kobolds (D:1)
  2 rats (D:1)
22 creatures vanquished.

Notes
Turn   | Place    | Note
-------+----------+-------------------------------------------
     0 | D:1      | Descartes the Spriggan Warper began the quest for the Orb.
     0 | D:1      | Reached XP level 1. HP: 10/10 MP: 5/5
    36 | D:1      | Reached skill level 1 in Stealth
   686 | D:1      | Reached XP level 2. HP: 14/14 MP: 6/6
   743 | D:1      | Found a faded altar of an unknown god.
  2027 | D:2      | Succumbed to an adder's poison

Illustrated notes

Levels and vault maps discovered:
D:1:      minmay_arrival_checkered_box, layout_basic,
          shapermc_ecumenical_altar_venn, hex_tiny,
          ebering_dispersal_statue_hall, minmay_tiny_reverse_x
D:2:      layout_basic, minmay_indecisive_spiral

Skill      XL: |  1  2 |
---------------+-------+-----
Stealth        | 2 4 |  4.4
Fighting       | |  1.5
Short Blades   | |  2.1
Throwing       | |  1.0
Dodging        | |  3.2
Spellcasting   | |  2.6
Translocations | |  4.4

Action                   || total
-------------------------++-------
Melee: Short sword       ||   102
 Stab: Sleeping          ||     7
Armor: Robe              ||     9
Dodge: Dodged            ||    90
Block: Other             ||    19
